[Event "Team 45 45 League T33"]
[Site "Internet Chess Club"]
[Date "2007.04.22"]
[Round "1"]
[White "AlexeiD"]
[Black "spacecadet"]
[Result "1-0"]
[WhiteElo "2013"]
[BlackElo "2046"]
[ECO "A22"]
[TimeControl "2700+45"]

1. c4 e5 2. Nc3 Nf6 3. g3 d5 4. cxd5 Nxd5 5. Bg2 Nb6 6. Nf3 Nc6 7. O-O Be6 8. d3
Be7 9. Be3 Nd5 10. d4 Nxc3 11. bxc3 e4 12. Nd2 f5 13. Rb1 Rb8 14. g4 Bd6 15.
gxf5 Qh4 16. f4 Bxf5 17. Nxe4 Bxe4 18. Bxe4 Nd8 19. Qb3 g5 20. Qb5+ Kf8 21. Qf5+
Kg7 22. Rf3 g4 23. Rg3 h5 24. Qg6+ Kf8 25. c4 Rg8 26. Qf5+ Nf7 27. c5 Rg5 28.
fxg5 Bxg3 29. g6 Bxh2+ 30. Kf1 Qe7 31. Bh6+ Ke8 32. g7 Nxh6 33. Bc6+ {Black
resigns} 1-0

[Event "Team 45 45 League T33"]
[Site "Internet Chess Club"]
[Date "2007.04.22"]
[Round "1"]
[White "PublisherKing"]
[Black "RingLord"]
[Result "1-0"]
[WhiteElo "1843"]
[BlackElo "1702"]
[ECO "E34"]
[TimeControl "2700+45"]

1. d4 Nf6 2. c4 e6 3. Nc3 Bb4 4. Qc2 d5 5. cxd5 Qxd5 6. e3 Qf5 7. Qxf5 exf5 8.
Nf3 Nbd7 9. a3 Be7 10. Bd3 g6 11. O-O Nb6 12. Bd2 Be6 13. Rac1 c6 14. Rfe1 Nc4
15. Rc2 Nxd2 16. Nxd2 Rd8 17. b4 h5 18. Rec1 h4 19. Bc4 g5 20. Bxe6 fxe6 21. b5
Bxa3 22. Ra1 Bb4 23. Rxa7 c5 24. Rxb7 O-O 25. Ne2 Bxd2 26. Rxd2 e5 27. Rc7 cxd4
28. exd4 Ne4 29. Rd1 Rfe8 30. b6 exd4 31. Rxd4 Nd6 32. Kf1 Nb5 33. Rxd8 Rxd8 34.
Rc1 Rb8 35. Rc6 Kf7 36. f3 Kg7 37. g3 hxg3 38. hxg3 Kf7 39. Kf2 Kg7 40. Ke3 Re8+
41. Kd3 Rxe2 42. b7 Rf2 43. b8=Q Rxf3+ 44. Kd2 Rf2+ 45. Ke1 Re2+ 46. Kxe2 Nd4+
47. Kd3 Nxc6 48. Qc7+ {Black resigns} 1-0

[Event "Team 45 45 League T33"]
[Site "Internet Chess Club"]
[Date "2007.04.21"]
[Round "1"]
[White "Sicilianaire"]
[Black "HocusPocus"]
[Result "0-1"]
[WhiteElo "2022"]
[BlackElo "2045"]
[ECO "D46"]
[TimeControl "2700+45"]

1. Nf3 d5 2. d4 Nf6 3. c4 c6 4. Nc3 e6 5. e3 Nbd7 6. Bd3 Bd6 7. O-O O-O 8. Qc2
dxc4 9. Bxc4 c5 10. e4 cxd4 11. Nb5 Ne5 12. Nxe5 Bxe5 13. f4 Bb8 14. e5 Ng4 15.
Rd1 a6 16. Nxd4 Ba7 17. Qc3 Qh4 18. h3 b5 19. Be2 Qf2+ 20. Kh1 Bxd4 21. Qxd4
Qxe2 22. hxg4 Bb7 23. Qg1 Bxg2+ 24. Qxg2 Qxd1+ 25. Kh2 Rac8 {White resigns} 0-1

[Event "Team 45 45 League T33"]
[Site "Internet Chess Club"]
[Date "2007.04.22"]
[Round "1"]
[White "supernova"]
[Black "Sailor"]
[Result "0-1"]
[WhiteElo "1845"]
[BlackElo "1909"]
[ECO "B75"]
[TimeControl "2700+45"]

1. e4 c5 2. Nf3 d6 3. d4 cxd4 4. Nxd4 Nf6 5. Nc3 g6 6. Be3 Bg7 7. f3 Nc6 8. Bc4
O-O 9. Bb3 Bd7 10. Qd2 Rc8 11. O-O-O Ne5 12. h4 h5 13. Kb1 Nc4 14. Bxc4 Rxc4 15.
Rdg1 Qc7 16. Nde2 Rc8 17. Bh6 Bh8 18. g4 b5 19. gxh5 Nxh5 20. Qg5 Kh7 21. Qxe7
Kxh6 22. Qxf7 Bf5 23. Qxc7 R4xc7 24. exf5 gxf5 25. Rc1 Rc4 26. a3 b4 27. Nb5
bxa3 28. Nxd6 Rb4 29. Nf7+ Kg7 30. Nxh8 Rxb2+ 31. Ka1 Kxh8 32. Nd4 Nf4 33. Rh2
Nd5 34. Rb1 Rcb8 35. Nb3 R8xb3 36. cxb3 Rxh2 37. Rc1 Nb4 38. Rc8+ Kg7 39. Rc7+
Kg6 40. Rc1 Rxh4 41. Rg1+ Kf6 42. Kb1 Rh2 43. Ka1 Rf2 44. Kb1 Rxf3 45. Ka1 Rf2
{White resigns} 0-1

[Event "Team 45 45 League T33"]
[Site "Internet Chess Club"]
[Date "2007.04.21"]
[Round "1"]
[White "valjean"]
[Black "Midwest-Rook"]
[Result "0-1"]
[WhiteElo "1229"]
[BlackElo "1335"]
[ECO "C70"]
[TimeControl "2700+45"]

1. e4 e5 2. Nf3 Nc6 3. Bb5 a6 4. Ba4 Bc5 5. O-O b5 6. Bb3 h6 7. c3 Nf6 8. d4
exd4 9. cxd4 Bb6 10. e5 Ne4 11. Bd5 Ng5 12. Nc3 d6 13. Ne4 Nxe4 14. Bxe4 d5 15.
Bc2 Bg4 16. Qd3 Bxf3 17. gxf3 Nxd4 18. Be3 Nxc2 19. Qxc2 Bxe3 20. fxe3 Qg5+ 21.
Kh1 Qxe5 22. Qc6+ Ke7 23. Qc5+ Qd6 24. Qc2 Rae8 25. Rad1 c6 26. Rfe1 Kf8 27. Qc3
h5 28. Rg1 Qf6 29. Qc5+ Kg8 30. f4 Rh6 31. b4 Qd6 32. Qc3 Qf6 33. Qa3 Ra8 34.
Rc1 Qf5 35. Rg2 Rg6 36. Rxg6 Qxg6 37. Rg1 Qe4+ 38. Rg2 g6 39. Kg1 d4 40. Rg5
dxe3 41. Re5 Qxf4 42. Rxe3 Qd4 43. Qc1 Re8 44. Kf2 Qf4+ 45. Ke2 Rxe3+ 46. Qxe3
Qxh2+ 47. Kd3 Qd6+ 48. Ke2 Qe6 49. a3 Qxe3+ 50. Kxe3 f5 51. Kf3 Kf7 52. Kf4 Kf6
53. Kf3 g5 54. Kg3 h4+ 55. Kf3 Ke5 56. Ke3 g4 57. Kd3 h3 58. Ke3 h2 59. a4 h1=Q
60. a5 Qf3+ 61. Kd2 g3 62. Ke1 Qf2+ 63. Kd1 g2 64. Kc1 g1=Q# {White checkmated}
0-1

[Event "Team 45 45 League T33"]
[Site "Internet Chess Club"]
[Date "2007.04.21"]
[Round "1"]
[White "markev"]
[Black "gentle-spirit"]
[Result "1-0"]
[WhiteElo "1344"]
[BlackElo "1223"]
[ECO "D00"]
[TimeControl "2700+45"]

1. d4 d5 2. e3 e6 3. Bd3 c5 4. c3 c4 5. Bc2 Nc6 6. f4 g6 7. Nf3 Be7 8. O-O b5 9.
Ne5 Nxe5 10. fxe5 Nh6 11. e4 Bg5 12. Nd2 O-O 13. Nf3 Bxc1 14. Rxc1 Ng4 15. Qe2
f6 16. exf6 Nxf6 17. e5 Nd7 18. Qe3 Rf7 19. Ng5 Rxf1+ 20. Rxf1 Bb7 21. Qh3 Qxg5
22. Qxe6+ Kh8 23. Qxd7 Rb8 24. Qd6 Qd8 25. Qe6 Bc8 26. Qf7 Rb7 27. Qf4 Kg7 28.
Qg3 Be6 29. Rf6 Qe8 30. h4 Rb6 31. h5 Bf7 32. hxg6 Bxg6 33. Bxg6 hxg6 34. Rxb6
axb6 35. Qe3 Qe6 36. b3 Qf5 37. e6 Qe4 38. Qh3 Qb1+ 39. Kh2 Qxa2 40. e7 Qa8 41.
Qd7 Qh8+ 42. Kg1 {Black resigns} 1-0

[Event "Team 45 45 League T33"]
[Site "Internet Chess Club"]
[Date "2007.04.21"]
[Round "1"]
[White "WCB"]
[Black "WzeroMN"]
[Result "0-1"]
[WhiteElo "1044"]
[BlackElo "1161"]
[ECO "C15"]
[TimeControl "2700+45"]

1. e4 e6 2. d4 d5 3. Nc3 Bb4 4. Bd2 c5 5. a3 Bxc3 6. bxc3 cxd4 7. c4 dxe4 8. Rb1
Nf6 9. Bb4 a5 10. Bc5 e5 11. c3 d3 12. Rb2 Ra6 13. Qd2 Rc6 14. Be3 O-O 15. g3
Rxc4 16. Bg5 h6 17. Be3 Nd5 18. f3 Nxe3 19. Qxe3 exf3 20. Nxf3 Rxc3 21. Qd2 e4
22. Qxc3 exf3 23. Kd2 Na6 24. Qxd3 Qxd3+ 25. Bxd3 Rd8 26. Ke3 Nc5 27. Rd2 Nxd3
28. Rxd3 Rxd3+ 29. Kxd3 b5 30. Rf1 Bb7 31. Kd4 b4 32. axb4 axb4 33. Kc4 Ba6+ 34.
Kxb4 Bxf1 35. Kc3 Ba6 36. Kd2 f2 37. Ke3 f1=Q 38. Ke4 Qe2+ 39. Kd4 Qd3+ 40. Kc5
Kf8 41. Kc6 Ke7 42. g4 Qd6# {White checkmated} 0-1

[Event "Team 45 45 League T33"]
[Site "Internet Chess Club"]
[Date "2007.04.22"]
[Round "1"]
[White "Tomate"]
[Black "stpatzer"]
[Result "0-1"]
[WhiteElo "1354"]
[BlackElo "1373"]
[ECO "B56"]
[TimeControl "2700+45"]

1. e4 c5 2. Nf3 d6 3. d4 cxd4 4. Nxd4 Nf6 5. Nc3 e5 6. Ndb5 a6 7. Na3 Nc6 8. Bg5
Be7 9. Bd3 O-O 10. Nc4 b5 11. Ne3 Nd4 12. Bxf6 Bxf6 13. Ncd5 Bb7 14. c3 Ne6 15.
O-O Nc7 16. Nxf6+ Qxf6 17. Bc2 Rad8 18. Qg4 d5 19. f3 d4 20. cxd4 exd4 21. Nf5
d3 22. Bb3 Bc8 23. Qh4 Qb6+ 24. Kh1 Bxf5 25. exf5 Rd4 26. Qg3 Rfd8 27. f6 g6 28.
Qe5 Ne6 29. Qe3 Qd6 30. Qh6 Qf4 31. Qxf4 Nxf4 32. g4 d2 33. Kg1 a5 34. a4 b4 35.
Bd1 Rc8 36. Kf2 Rc1 37. Ra2 Rc6 38. g5 Nd3+ 39. Ke3 Rd5 40. h4 Re6+ 41. Kxd2
Nf2+ 42. Kc1 Nxd1 43. Rxd1 Rc6+ 44. Kb1 Rxd1# {White checkmated} 0-1

[Event "Team 45 45 League T33"]
[Site "Internet Chess Club"]
[Date "2007.04.20"]
[Round "1"]
[White "Fidelian"]
[Black "katabatico"]
[Result "0-1"]
[WhiteElo "1220"]
[BlackElo "1354"]
[ECO "C48"]
[TimeControl "2700+45"]

1. e4 e5 2. Nf3 Nc6 3. Nc3 Nf6 4. Bb5 d6 5. Bxc6+ bxc6 6. h3 Be7 7. d4 exd4 8.
Qxd4 O-O 9. e5 c5 10. Qd2 dxe5 11. Qxd8 Bxd8 12. Nxe5 Re8 13. Bf4 Nh5 14. Bh2 f6
15. g4 Nf4 16. Bxf4 fxe5 17. Bg3 Bb7 18. Rg1 Bf3 19. a4 a5 20. Kd2 Bg5+ 21. Ke1
Rab8 22. b3 Rbd8 23. h4 Bd2+ 24. Kf1 Bxc3 25. Ra3 {White resigns} 0-1

[Event "Team 45 45 League T33"]
[Site "Internet Chess Club"]
[Date "2007.04.20"]
[Round "1"]
[White "chips"]
[Black "hotzoddy"]
[Result "0-1"]
[WhiteElo "1231"]
[BlackElo "1419"]
[ECO "A01"]
[TimeControl "2700+45"]

1. b3 d5 2. Bb2 e6 3. d4 Nf6 4. e3 c5 5. Be2 Nc6 6. dxc5 Bxc5 7. Nf3 O-O 8. Nbd2
Bd7 9. a4 a6 10. Ba3 Bxa3 11. Rxa3 Re8 12. O-O Qc7 13. c4 Ne5 14. cxd5 exd5 15.
Nxe5 Rxe5 16. Nf3 Re7 17. Qc1 Be6 18. Qxc7 Rxc7 19. Nd4 Re7 20. b4 a5 21. bxa5
Rxa5 22. Bb5 Bd7 23. Bxd7 Rxd7 24. Rfa1 Ne4 25. Rc1 g6 26. Nb5 Nd2 27. Rc8+ Kg7
28. Rc7 Rxc7 29. Nxc7 Nc4 30. Ra1 Nb6 31. Nb5 Nxa4 32. Nd6 b6 33. Nb7 Rb5 34. g3
Nc5 35. Ra7 Nxb7 36. Rxb7 h5 37. Kg2 Kf6 38. Kf3 Ke6 39. Kf4 f5 40. Kg5 Rb2 41.
Kxg6 Rxf2 42. Rxb6+ Ke7 43. Rb7+ Kd6 44. Kxh5 Rxh2+ 45. Kg5 Rf2 46. Rf7 Ke6 47.
Rf6+ Ke5 48. g4 Rg2 49. Rxf5+ Ke4 50. Kh5 Rg3 51. Kh4 Rxe3 52. Rf8 d4 53. g5 d3
54. g6 d2 55. g7 d1=Q 56. Re8+ Kf3 57. Rxe3+ Kxe3 58. g8=Q Qh1+ {White resigns}
0-1

[Event "Team 45 45 League T33"]
[Site "Internet Chess Club"]
[Date "2007.04.21"]
[Round "1"]
[White "uipawn"]
[Black "CoasterBrake"]
[Result "1-0"]
[WhiteElo "1123"]
[BlackElo "1121"]
[ECO "B20"]
[TimeControl "2700+45"]

1. e4 c5 2. d3 e6 3. Nc3 a6 4. Be2 d6 5. Nf3 Nc6 6. Bg5 Be7 7. Bxe7 Qxe7 8. d4
cxd4 9. Nxd4 Qc7 10. Nxc6 bxc6 11. O-O Bb7 12. Qd4 e5 13. Qe3 Nf6 14. Rad1 O-O
15. Qg3 Rad8 16. Bf3 Qb6 17. Rb1 d5 18. exd5 cxd5 19. Rfd1 d4 20. Bxb7 Qxb7 21.
Ne2 Rfe8 22. b3 Ne4 23. Qf3 Qc6 24. Rbc1 Re6 25. Ng3 Nc3 26. Qxc6 Rxc6 27. Re1
Nxa2 28. Ra1 Nc3 29. Rxe5 Nb5 30. Rae1 Kf8 31. h3 Rxc2 32. Ra1 Rd6 33. Ne4 Re2
34. Kf1 d3 35. Nxd6 Nxd6 36. Rd5 Ne4 37. Rxd3 Rxf2+ 38. Kg1 g6 39. Rxa6 h5 40.
Ra4 Nd2 41. b4 Rf1+ 42. Kh2 Nf3+ 43. gxf3 h4 44. Ra8+ Kg7 45. Kg2 Re1 46. b5 Re5
47. b6 Rg5+ 48. Kf2 Rg3 49. b7 {Black resigns} 1-0

[Event "Team 45 45 League T33"]
[Site "Internet Chess Club"]
[Date "2007.04.21"]
[Round "1"]
[White "Changuito-77"]
[Black "Beancounter"]
[Result "1-0"]
[WhiteElo "1771"]
[BlackElo "1690"]
[ECO "D05"]
[TimeControl "2700+45"]

1. d4 d5 2. Nf3 Nf6 3. e3 e6 4. Bd3 c5 5. b3 Nc6 6. a3 Bd6 7. Bb2 Qc7 8. O-O e5
9. dxe5 Nxe5 10. Bb5+ Bd7 11. Bxd7+ Nexd7 12. Nc3 Ne5 13. Nxd5 Nxf3+ 14. Qxf3
Nxd5 15. Qxd5 O-O-O 16. Qh5 f6 17. Rfd1 Kb8 18. h3 g6 19. Qh4 Be5 20. Bxe5 Qxe5
21. Qg3 Qxg3 22. fxg3 Kc8 23. g4 Rde8 24. Kf2 Re4 25. c4 Rhe8 26. Rd3 Rd8 27.
Ke2 Kc7 28. Rad1 Rxd3 29. Rxd3 f5 30. gxf5 gxf5 31. Kf3 Re6 32. Kf4 Rg6 33. Kxf5
Rxg2 34. e4 Rf2+ 35. Kg5 Re2 36. Kf5 Rf2+ 37. Ke6 h6 38. e5 a6 39. Ke7 b5 40.
cxb5 axb5 41. e6 Rf4 42. Rd7+ Kc8 43. Rd8+ Kc7 44. Rf8 Re4 45. Rf3 c4 46. bxc4
Rxc4 47. Kf7 Kd6 48. Rd3+ Ke5 49. e7 Rf4+ 50. Ke8 Ke6 51. Kd8 {Black resigns}
1-0

[Event "Team 45 45 League T33"]
[Site "Internet Chess Club"]
[Date "2007.04.22"]
[Round "1"]
[White "Stav"]
[Black "GadsHill"]
[Result "0-1"]
[WhiteElo "1747"]
[BlackElo "1619"]
[ECO "A06"]
[TimeControl "2700+45"]

1. Nf3 d5 2. b3 Nf6 3. Bb2 e6 4. e3 c5 5. Bb5+ Bd7 6. Be2 Be7 7. O-O O-O 8. Ne5
Nc6 9. f4 Rc8 10. d3 Nxe5 11. Bxe5 Bc6 12. Nd2 Nd7 13. Bb2 Bf6 14. c3 b5 15. g4
b4 16. d4 bxc3 17. Bxc3 cxd4 18. exd4 Qb6 19. Nf3 Ba8 20. Rc1 e5 21. fxe5 Nxe5
22. Nxe5 Bxe5 23. Bf3 Rxc3 24. Kh1 Rxc1 25. Qxc1 Bxd4 26. Rd1 Rd8 27. Qf4 Be3
28. Qe5 d4 29. Bxa8 Rxa8 30. Qe4 Rd8 31. h4 Qe6 32. Qd3 Qxg4 33. Qxe3 Qxd1+
{White resigns} 0-1

[Event "Team 45 45 League T33"]
[Site "Internet Chess Club"]
[Date "2007.04.20"]
[Round "1"]
[White "rrijkers"]
[Black "Russellovich"]
[Result "1/2-1/2"]
[WhiteElo "1414"]
[BlackElo "1451"]
[ECO "B92"]
[TimeControl "2700+45"]

1. e4 c5 2. Nf3 d6 3. d4 cxd4 4. Nxd4 Nf6 5. Nc3 a6 6. Be2 e5 7. Nb3 Nc6 8. O-O
b5 9. Bg5 h6 10. Bxf6 Qxf6 11. Nd5 Qd8 12. c4 b4 13. a3 bxa3 14. Rxa3 Be6 15.
Qd2 Be7 16. Na5 Nxa5 17. Rxa5 Bg5 18. Qb4 Rb8 19. Qa4+ Bd7 20. Qa3 Rxb2 21. Qxb2
Qxa5 22. Qb8+ Bd8 23. Qxd6 Be6 24. Qxe5 Kf8 25. Qd6+ Ke8 26. c5 Bxd5 27. exd5
Qc7 28. Qxc7 Bxc7 29. Bxa6 Kd7 30. Rb1 Rb8 31. Rxb8 Bxb8 32. f3 Ba7 33. Bb5+ Kd8
34. d6 Bxc5+ 35. Kf1 Bxd6 36. Ke2 Bxh2 37. Kd3 Ke7 38. Ke4 Kf6 39. Be8 Kg6 40.
g4 Kf6 41. Bb5 Kg5 42. Be8 f6 43. Bf7 g6 44. Be8 h5 45. gxh5 gxh5 46. f4+ Bxf4
47. Bxh5 f5+ 48. Kf3 Kxh5 49. Kxf4 Kg6 50. Kf3 Kg5 51. Kg3 Kg6 52. Kf4 Kf6 53.
Kf3 {Game drawn by mutual agreement} 1/2-1/2

[Event "Team 45 45 League T33"]
[Site "Internet Chess Club"]
[Date "2007.04.20"]
[Round "1"]
[White "Frankly"]
[Black "viking99"]
[Result "0-1"]
[WhiteElo "1665"]
[BlackElo "1836"]
[ECO "D82"]
[TimeControl "2700+45"]

1. d4 Nf6 2. c4 g6 3. Nc3 d5 4. Bf4 Bg7 5. e3 c6 6. Nf3 Qa5 7. Nd2 O-O 8. Bd3
Na6 9. a3 Bg4 10. Qc2 Nb4 11. Qb1 Nxd3+ 12. Qxd3 Bf5 13. Qe2 Rfe8 14. O-O Rac8
15. b4 Qd8 16. Nb3 dxc4 17. Qxc4 Be6 18. d5 cxd5 19. Qd3 Ne4 20. Nxe4 Bxa1 21.
Nec5 Bf5 22. Qb5 b6 23. Rxa1 bxc5 24. Nxc5 e5 25. Bh6 Qh4 26. Nb7 Qxh6 27. Nd6
Qf8 28. Nxe8 Qxe8 29. Qxd5 Qc6 30. Qd1 Qc2 31. Qe1 Bd3 32. f4 Be4 33. Qf1 exf4
34. exf4 Qd3 35. Qe1 Rc2 {White resigns} 0-1

[Event "Team 45 45 League T33"]
[Site "Internet Chess Club"]
[Date "2007.04.20"]
[Round "1"]
[White "rubashov"]
[Black "Smart"]
[Result "1-0"]
[WhiteElo "1588"]
[BlackElo "1544"]
[ECO "B07"]
[TimeControl "2700+45"]

1. e4 d6 2. d4 Nf6 3. Bd3 e5 4. c3 d5 5. dxe5 Nxe4 6. Bxe4 dxe4 7. Qxd8+ Kxd8 8.
Ne2 Nc6 9. Bf4 f6 10. exf6 gxf6 11. O-O Bg4 12. Ng3 Bg7 13. Nxe4 Kc8 14. f3 Bf5
15. Nbd2 b6 16. Rad1 Kb7 17. Nc4 Rad8 18. Ne3 Be6 19. a3 h5 20. h4 Ne5 21. Bxe5
fxe5 22. Rf2 Bh6 23. Ng5 Rxd1+ 24. Nxd1 Bd5 25. Rd2 Bc6 26. Nf2 Rg8 27. Nfh3 Bf8
28. Ne6 Bd6 29. Nhg5 Kc8 30. Nf7 Be7 31. Nxe5 Be8 32. Ng5 Bxg5 33. hxg5 Rxg5 34.
f4 Rf5 35. g3 Rf8 36. Kg2 Rg8 37. Kf3 c5 38. Rg2 Kc7 39. g4 hxg4+ 40. Rxg4 Bh5
41. f5 Bxg4+ 42. Nxg4 Kd6 43. Kf4 Ke7 44. f6+ Ke6 45. f7 Kxf7 46. Nh6+ Kf8 47.
Nxg8 Kxg8 48. Ke5 Kf7 49. Kd6 Kf6 50. Kc6 Ke5 51. Kb7 Kd5 52. Kxa7 b5 53. Kb6
Kc4 54. Ka5 Kb3 55. Kxb5 c4 56. a4 {Black resigns} 1-0

[Event "Team 45 45 League T33"]
[Site "Internet Chess Club"]
[Date "2007.04.24"]
[Round "1"]
[White "bajerk"]
[Black "OOB1"]
[Result "0-1"]
[WhiteElo "1420"]
[BlackElo "1518"]
[ECO "B20"]
[TimeControl "2700+45"]

1. e4 c5 2. Bc4 Nc6 3. a3 Nf6 4. d3 g6 5. Nf3 Bg7 6. h3 d6 7. Ng5 O-O 8. Nc3 Ne5
9. Ba2 e6 10. Bf4 Nh5 11. Bxe5 Bxe5 12. Qd2 Bf4 13. Nxe6 Bxd2+ 14. Kxd2 fxe6 15.
g4 Qg5+ 16. Ke2 Nf4+ 17. Kd1 Ng2 18. Ne2 Rxf2 19. h4 Qxg4 {White resigns} 0-1

[Event "Team 45 45 League T33"]
[Site "Internet Chess Club"]
[Date "2007.04.19"]
[Round "1"]
[White "Mfalme"]
[Black "Just-Jim"]
[Result "1-0"]
[WhiteElo "1314"]
[BlackElo "1423"]
[ECO "C22"]
[TimeControl "2700+45"]

1. e4 e5 2. d4 exd4 3. Qxd4 Nc6 4. Qe3 Bb4+ 5. Bd2 Qf6 6. Bc3 Bxc3+ 7. Nxc3 Nb4
8. O-O-O a6 9. a3 Nc6 10. Nd5 Qd8 11. Qg3 Kf8 12. Nxc7 Ra7 13. Nd5 Nge7 14. Bc4
b5 15. Bb3 Na5 16. Ba2 Bb7 17. Qe3 Ra8 18. Nb6 g6 19. Qd4 Kg8 20. Nxa8 Bxa8 21.
Qxd7 Qxd7 22. Rxd7 Nac6 23. f3 Kg7 24. Nh3 Re8 25. Ng5 Ne5 26. Ra7 Bc6 27. Rxa6
h6 28. Nh3 Rc8 29. Rd1 f5 30. exf5 Nxf5 31. Be6 Ne3 32. Bxc8 {Black resigns} 1-0

[Event "Team 45 45 League T33"]
[Site "Internet Chess Club"]
[Date "2007.04.20"]
[Round "1"]
[White "guyd52"]
[Black "Orforded"]
[Result "1-0"]
[WhiteElo "1274"]
[BlackElo "1271"]
[ECO "A07"]
[TimeControl "2700+45"]

1. g3 d5 2. Nf3 c6 3. Bg2 Bg4 4. d3 Qc8 5. O-O Nf6 6. Nbd2 g6 7. c4 Bg7 8. c5 b5
9. b4 O-O 10. a4 Ne4 11. Ra3 Nxd2 12. Qxd2 a6 13. Bb2 f6 14. Rc1 Nd7 15. h3 Be6
16. d4 h5 17. Nh4 Kh7 18. Qd3 f5 19. Rca1 Qb7 20. Nf3 Bh6 21. h4 Nf6 22. Bc1 Ne4
23. Bxh6 Kxh6 24. Qe3+ f4 25. gxf4 Kg7 26. Ng5 Nxg5 27. fxg5 Bf5 28. Qe5+ Kh7
29. axb5 Qd7 30. bxc6 Qe6 31. Qxe6 Bxe6 32. Rxa6 Rac8 33. b5 Rf4 34. e3 Rxh4 35.
b6 Rf8 36. b7 Rb8 37. Ra8 {Black resigns} 1-0

[Event "Team 45 45 League T33"]
[Site "Internet Chess Club"]
[Date "2007.04.19"]
[Round "1"]
[White "bookseller"]
[Black "Conjurer"]
[Result "0-1"]
[WhiteElo "1288"]
[BlackElo "1469"]
[ECO "B22"]
[TimeControl "2700+45"]

1. e4 c5 2. c3 d6 3. d4 cxd4 4. cxd4 Nf6 5. Nc3 a6 6. Nf3 b5 7. Bd3 Bb7 8. d5
Nbd7 9. Be3 g6 10. O-O Bg7 11. Bd4 O-O 12. Rc1 Rc8 13. Qe2 Qa5 14. a3 b4 15.
axb4 Qxb4 16. Bxa6 Bxa6 17. Qxa6 Nc5 18. Qa3 Qxa3 19. bxa3 Nb3 20. Rc2 Nxd4 21.
Nxd4 Nxe4 22. Nxe4 Bxd4 23. Rfc1 Rxc2 24. Rxc2 Ra8 25. Ra2 Ra4 26. Nd2 Bc5 27.
Nb1 Rd4 28. Nc3 Rd3 29. Rc2 Bxa3 30. g3 Bb4 31. Ne4 Rxd5 32. Rc7 Re5 33. f4 Rxe4
{White resigns} 0-1

[Event "Team 45 45 League T33"]
[Site "Internet Chess Club"]
[Date "2007.04.21"]
[Round "1"]
[White "WilmaP"]
[Black "t-hobbes"]
[Result "0-1"]
[WhiteElo "1099"]
[BlackElo "1304"]
[ECO "C68"]
[TimeControl "2700+45"]

1. e4 e5 2. Nf3 Nc6 3. Bb5 a6 4. Bxc6 dxc6 5. O-O Nf6 6. d3 Bg4 7. Be3 Be7 8.
Nc3 O-O 9. a3 c5 10. b4 cxb4 11. axb4 Bxb4 12. Na4 Qe7 13. c3 Bd6 14. Nb2 Rfd8
15. Qe2 c5 16. c4 Rac8 17. Na4 b5 18. Nb6 Rb8 19. Rxa6 bxc4 20. Nxc4 Qb7 21. Rb6
Qa7 22. h3 Bxf3 23. Qxf3 Rxb6 24. Nxb6 Qxb6 25. Qg3 g6 26. Bg5 Be7 27. Qxe5 Re8
28. f4 Nd7 29. Qc3 c4+ 30. Kh1 Bb4 31. Qxc4 Be7 32. Qd5 Nf6 33. Bxf6 Bxf6 34. f5
Rd8 35. Qc4 Qe3 36. Rd1 Qg3 37. Rd2 Be5 38. Kg1 Qe3+ 39. Rf2 Bg3 40. Qc2 Bxf2+
41. Kh2 Bg3+ 42. Kh1 Qe1# {White checkmated} 0-1

[Event "Team 45 45 League T33"]
[Site "Internet Chess Club"]
[Date "2007.04.20"]
[Round "1"]
[White "moreffee"]
[Black "schweppz"]
[Result "0-1"]
[WhiteElo "1318"]
[BlackElo "1418"]
[ECO "A30"]
[TimeControl "2700+45"]

1. Nf3 c5 2. c4 g6 3. Nc3 Bg7 4. Qc2 Nc6 5. a3 Nf6 6. d3 O-O 7. Bg5 Nd4 8. Nxd4
cxd4 9. Bxf6 Bxf6 10. Nd5 Bg7 11. g3 e6 12. Nf4 b6 13. Bg2 Rb8 14. O-O Bb7 15.
Rac1 Bxg2 16. Nxg2 d6 17. Qd2 Qf6 18. e3 dxe3 19. fxe3 Qxb2 20. Qxb2 Bxb2 21.
Rc2 Bxa3 22. Ra2 Bb4 23. Rxa7 b5 24. cxb5 Rxb5 25. e4 Bc5+ 26. Kh1 Bxa7 {White
resigns} 0-1

[Event "Team 45 45 League T33"]
[Site "Internet Chess Club"]
[Date "2007.04.22"]
[Round "1"]
[White "oldsj"]
[Black "Dalcon"]
[Result "1-0"]
[WhiteElo "1452"]
[BlackElo "1307"]
[ECO "B06"]
[TimeControl "2700+45"]

1. e4 g6 2. Nf3 Bg7 3. d4 d6 4. Bc4 e6 5. O-O d5 6. exd5 exd5 7. Re1+ Ne7 8. Bb3
O-O 9. Bg5 f6 10. Bh4 Re8 11. Nbd2 c6 12. Ne4 Nf5 13. Nxf6+ Bxf6 14. Rxe8+ Qxe8
15. Bxf6 Nd7 16. Bg5 b6 17. Qe1 Bb7 18. c3 Qe4 19. Qxe4 {Black resigns} 1-0

[Event "Team 45 45 League T33"]
[Site "Internet Chess Club"]
[Date "2007.04.20"]
[Round "1"]
[White "Tom45"]
[Black "EyeAm"]
[Result "0-1"]
[WhiteElo "1240"]
[BlackElo "1408"]
[ECO "C47"]
[TimeControl "2700+45"]

1. e4 e5 2. Nf3 Nf6 3. Nc3 Nc6 4. Bc4 Nxe4 5. Nxe4 d5 6. Bxd5 Qxd5 7. d3 Bg4 8.
O-O Nd4 9. h3 Nxf3+ 10. gxf3 Bxh3 11. Re1 O-O-O 12. Ng5 Be6 13. Nxe6 fxe6 14.
Bg5 Rd7 15. a3 Rf7 16. Re3 Rf5 17. Bh4 Qd7 18. Kf1 Qf7 19. Ke2 Bc5 20. Qd2 Bxe3
21. Qxe3 b6 22. b4 Rf8 23. Rg1 Rxf3 24. Qe4 Kb8 25. Rf1 Rf4 26. Qxh7 Rf3 27. Bg3
Rxg3 28. fxg3 Qxf1+ 29. Kd2 Rf2+ 30. Kc3 Qe1+ 31. Kb2 Rf1 32. Qxg7 Qb1+ 33. Kc3
Qa1+ 34. Kc4 Qd4+ 35. Kb3 Rb1+ 36. Ka4 a5 37. Kb5 Kb7 38. Ka4 axb4 39. Kb5 bxa3#
{White checkmated} 0-1

[Event "Team 45 45 League T33"]
[Site "Internet Chess Club"]
[Date "2007.04.19"]
[Round "1"]
[White "IconoJett"]
[Black "otib2006"]
[Result "0-1"]
[WhiteElo "937"]
[BlackElo "1204"]
[TimeControl "2700+0"]

1. e4 c5 2. Nf3 d6 3. Nc3 Nf6 4. d4 g6 5. Bd3 Bg7 6. Be3 Nc6 7. d5 Nb4 8. Bc4
Ng4 9. a3 Nxe3 10. fxe3 Na6 11. O-O Nc7 12. Ng5 Bxc3 13. Nxf7 Qd7 14. Nxh8 Bxb2
15. Ra2 Bxh8 16. Qf3 Bf6 17. h3 Nb5 18. a4 Nc3 19. Bb5 Nxb5 20. axb5 Qxb5 21. e5
dxe5 22. g4 Qc4 23. g5 Qxa2 24. Qf2 Bg7 25. Qf7+ Kd7 26. Qxg7 Qxd5 27. Qxh7 Qe4
28. h4 Qxe3+ 29. Rf2 Qc1+ 30. Kg2 b5 31. h5 Qxg5+ 32. Kf1 Qxh5 33. Rd2+ Ke6 34.
Qg8+ Kf5 35. Qf8+ Ke4 36. Qf2 Bh3+ 37. Ke1 Bg4 38. Qg2+ Bf3 39. Re2+ Kd4 40.
Rd2+ Kc3 41. Rd3+ Kb4 42. Rb3+ Ka5 43. Qd2+ Kb6 44. Qf2 Qh1+ 45. Qf1 Qxf1+ 46.
Kxf1 Rh8 47. Rxf3 Rh1+ 48. Kg2 Rc1 49. Rf2 a5 50. Rf7 Rxc2+ 51. Kf1 a4 52. Rxe7
a3 53. Re6+ Ka5 54. Rxe5 a2 55. Re1 Rb2 56. Ra1 Rb1+ 57. Rxb1 axb1=Q+ 58. Ke2 c4
59. Ke3 c3 60. Kd4 c2 61. Kc5 c1=Q+ 62. Kd6 g5 {White resigns} 0-1

[Event "Team 45 45 League T33"]
[Site "Internet Chess Club"]
[Date "2007.04.22"]
[Round "1"]
[White "Puedo"]
[Black "mambomex"]
[Result "0-1"]
[WhiteElo "1845"]
[BlackElo "1777"]
[ECO "A30"]
[TimeControl "2700+45"]

1. c4 c5 2. g3 g6 3. Bg2 Bg7 4. e3 Nf6 5. Nc3 O-O 6. Nge2 Nc6 7. d4 d6 8. O-O
Bd7 9. b3 a6 10. Bb2 cxd4 11. exd4 Bf5 12. a3 Qb6 13. b4 e5 14. c5 dxc5 15. dxc5
Qa7 16. Qa4 e4 17. Nf4 Rad8 18. Rad1 g5 19. Ncd5 Nxd5 20. Bxg7 gxf4 21. Bxf8
Kxf8 22. Qb3 Nce7 23. Qb2 f6 24. Rfe1 f3 25. Bf1 Qb8 26. Qd2 Kg7 27. Bc4 Qe5 28.
Qd4 Qe6 29. Bd3 e3 30. Bxf5 Qxf5 31. g4 Qc2 32. Rxe3 Nf4 33. Rxe7+ Kg6 34. Qxd8
Nh3+ 35. Kh1 Nxf2+ 36. Kg1 Nh3+ {White resigns} 0-1

[Event "Team 45 45 League T33"]
[Site "Internet Chess Club"]
[Date "2007.04.21"]
[Round "1"]
[White "fantanaranja"]
[Black "Benaque"]
[Result "1-0"]
[WhiteElo "1703"]
[BlackElo "1685"]
[ECO "D02"]
[TimeControl "2700+45"]

1. d4 d5 2. Nf3 Nc6 3. c4 e6 4. Nc3 Bb4 5. e3 Bxc3+ 6. bxc3 Nf6 7. Bd3 Ne7 8.
cxd5 Nexd5 9. a4 Nxc3 10. Qb3 Ncd5 11. Ba3 Bd7 12. Qxb7 Ne7 13. Bxe7 Kxe7 14.
Qb4+ Ke8 15. Rb1 Nd5 16. Qb7 Bxa4 17. O-O Kf8 18. e4 Nc3 19. Qb4+ Kg8 20. Qxc3
h6 21. Rfc1 Rc8 22. Ba6 Ra8 23. Qxc7 Qxc7 24. Rxc7 Kh7 25. Rbc1 Rhd8 26. Rc8
Rdxc8 27. Rxc8 Rxc8 28. Bxc8 Bc2 29. e5 a5 30. Bd7 a4 31. Bb5 Bb3 32. Nd2 Kg6
33. Nxb3 axb3 34. Bd3+ f5 35. Kf1 Kf7 36. Ke1 Ke7 37. Kd2 Kd7 38. Kc3 Kc6 39.
Kxb3 Kd5 40. Kc3 Kc6 41. h3 g5 42. g3 h5 43. f3 Kd7 44. Be2 Kc6 45. f4 gxf4 46.
gxf4 h4 47. Bh5 Kd5 48. Bf7 Ke4 49. Bxe6 Kxf4 50. Bf7 Kg5 51. e6 Kf6 52. Kd3
{Black resigns} 1-0